 Dungeon Crawl Stone Soup version 0.30-a0-760-g5a9884bb7c (webtiles) character file.

Game seed: 10821371910792480402

13530 boo the Severer (level 12, -1/108 HPs)
             Began as a Hill Orc Fighter on Feb 10, 2023.
             Was a Priest of Okawaru.
             Slain by an orc warrior
             ... wielding a +0 glaive
              (12 damage)
             ... on level 12 of the Dungeon.
             The game lasted 00:22:07 (14776 turns).

boo the Severer (Hill Orc Fighter)                 Turns: 14776, Time: 00:22:07

Health: -1/108     AC: 19    Str: 27    XL:     12   Next: 7%
Magic:  11/12      EV:  8    Int:  8    God:    Okawaru [***...]
Gold:   1542       SH:  6    Dex: 13    Spells: 11/11 levels left

rFire   . . .      SeeInvis +    V - +4 broad axe of the Philosopher {freeze, Fly Will+ Str+3 Dex+3}
rCold   . . .      Faith    .    c - +0 buckler
rNeg    + . .      Spirit   .    f - +4 chain mail {rPois}
rPois   +          Reflect  .    q - +0 helmet
rElec   .          Harm     .    M - +0 cloak
rCorr   .          Rampage  .    (no gloves)
Will    +++..                    (no boots) Stlth
                                 (no amulet)
HPRegen 0.38/turn                h - ring of see invisible
MPRegen 0.13/turn                k - ring of Puruz {rN+ Will++}

@: spiked, flying, studying Armour
A: no striking features
a: Renounce Religion, Convert to Beogh, Heroism


You were on level 12 of the Dungeon.
You worshipped Okawaru.
Okawaru was most pleased with you.
You visited 2 branches of the dungeon, and saw 13 of its levels.
You also visited: Trove.

You collected 1542 gold pieces.

Inventory:

Hand Weapons
 Q - a +1 heavy executioner's axe
 R - a +5 broad axe of venom
 U - a +1 executioner's axe
 V - the +4 broad axe of the Philosopher (weapon) {freeze, Fly Will+ Str+3 Dex+3}
   (You found it in a treasure trove)

   Str:       It affects your strength (+3).
   Dex:       It affects your dexterity (+3).
   Fly:       It grants you flight.
   Will:      It increases your willpower.
 W - the +6 executioner's axe of the Spheres {speed, *Rage rPois rN++ SInv}
   (You found it in a treasure trove)

   rPois:     It protects you from poison.
   rN:        It greatly protects you from negative energy.
   SInv:      It lets you see invisible.
   *Rage:     It berserks you when you make melee attacks (+20% chance).
 X - a +2 broad axe of freezing
Missiles
 I - a throwing net (quivered)
 S - 7 javelins
Armour
 c - a +0 buckler (worn)
 f - a +4 chain mail of poison resistance (worn)
 q - a +0 helmet (worn)
 y - +0 ice dragon scales
 M - a +0 cloak (worn)
Magical Staves
 F - a staff of fire
Jewellery
 b - a +6 ring of dexterity
 e - a ring of ice
 h - a ring of see invisible (left hand)
 k - the ring of Puruz (right hand) {rN+ Will++}
   (You acquired it on level 4 of the Dungeon)

   [ring of positive energy]

   rN:        It protects you from negative energy.
   Will:      It greatly increases your willpower.
 w - a ring of poison resistance
 H - an amulet of faith
 L - a ring of ice
Wands
 G - a wand of flame (31)
Scrolls
 j - 6 scrolls of teleportation
 l - 4 scrolls of fog
 m - 5 scrolls of immolation
 o - 3 scrolls of vulnerability {unknown}
 p - 4 scrolls of poison
 r - a scroll of noise {unknown}
 s - a scroll of butterflies {unknown}
 u - 3 scrolls of blinking {unknown}
 A - 2 scrolls of magic mapping {unknown}
 B - a scroll of enchant armour {unknown}
 K - a scroll of enchant weapon {unknown}
 N - a scroll of identify
 O - 2 scrolls of fear {unknown}
Potions
 a - a potion of mutation {unknown}
 d - 2 potions of might
 g - 10 potions of curing
 i - 2 potions of lignification
 n - a potion of degeneration {unknown}
 t - a potion of haste {unknown}
 v - 3 potions of heal wounds {unknown}
 x - 2 potions of berserk rage
 z - 2 potions of resistance {unknown}
 C - a potion of ambrosia {unknown}
 D - 2 potions of attraction {unknown}
 E - a potion of cancellation {unknown}
 J - a potion of flight {unknown}
 P - a potion of brilliance {unknown}


   Skills:
 + Level 10.9 Fighting
 * Level 15.7 Axes
 + Level 3.4 Throwing
 + Level 12.3 Armour
 - Level 9.0 Shields


You had 11 spell levels left.
You didn't know any spells.
Your spell library contained the following spells:

 Spells                   Type           Power      Damage    Failure   Level
 Apportation              Tloc           0%         N/A       91%         1
 Magic Dart               Conj           0%         1d3       91%         1
 Necrotise                Necr           0%         1d4       91%         1
 Shock                    Conj/Air       0%         1d3       91%         1
 Searing Ray              Conj           0%         2d4       97%         2
 Portal Projectile        Hex/Tloc       0%         N/A       100%        3
 Swiftness                Air            0%         N/A       100%        3
 Airstrike                Air            0%         2d(0-16)  100%        4
 Anguish                  Hex/Necr       0%         N/A       100%        4
 Fulminant Prism          Conj/Hex       0%         3d5       100%        4
 Blade Hands              Tmut           0%         N/A       100%        5
 Freezing Cloud           Conj/Ice/Air   0%         6-21      100%        5
 Enfeeble                 Hex            0%         N/A       100%        7
 Polar Vortex             Ice            0%         N/A       100%        9
 Summon Small Mammal      Summ           Unusable   N/A       N/A         1
 Tukima's Dance           Hex            Unusable   N/A       N/A         3
 Simulacrum               Ice/Necr       Unusable   N/A       N/A         6

Dungeon Overview and Level Annotations

Branches:
Dungeon (12/15)            Temple (1/1) D:5            Lair (0/5) D:11
    Orc: D:9-12

Altars:
Ashenzari
Cheibriados
Dithmenos
Elyvilon
Fedhas
Gozag
Hepliaklqana
Kikubaaqudgha
Makhleb
Nemelex Xobeh
Okawaru
Qazlal
Ru
Sif Muna
Trog
Uskayaw
Vehumet
Wu Jian
Xom
Yredelemnul
Zin
The Shining One

Shops:
D:2 !   D:6 *   D:7 *

Annotations:
D:8 exclusion: statue


Message History

An orc comes into view. It is wielding a +0 flail.
An orc priest comes into view. It is wielding a +0 dagger.
The manticore flicks its tail.
The volley of spikes hits you.
The barbed spikes become lodged in your body.
* * * LOW HITPOINT WARNING * * *
The barbs in your skin will harm you if you move.
Continue? [Y]es or [N]o only, please.
The barbs in your skin will harm you if you move.
Continue?
Okay, then.
The barbs in your skin will harm you if you move.
Continue?
Okay, then.
As you read the scroll of teleportation, it crumbles to dust.
You feel strangely unstable.
The orc priest shouts!
You hear a shout! x2
A shadow comes into view.
The manticore flicks its tail.
The volley of spikes hits you but does no damage.
The orc barely misses you.
You are too injured to fight recklessly!
You are too injured to fight recklessly!
You are too injured to fight recklessly!
You hit the orc. You freeze the orc.
The orc is moderately wounded.
You slash the orc! You freeze the orc.
You kill the orc!
An orc priest comes into view. It is wielding a +0 short sword.
The orc priest looks encouraged for a moment.
You feel like a meek peon again.
The manticore flicks its tail.
The volley of spikes hits you!!
The barbed spikes become lodged in your body.
* * * LOW HITPOINT WARNING * * *
You slash the orc! You freeze the orc.
You kill the orc!
Okawaru accepts your kill.
A goblin comes into view. It is wielding a +0 club.
Your surroundings seem slightly different.
The orc warrior hits you from afar with a +0 glaive!
You die...

#######################
.......@.##...........
........†.)§........# #
.....##oHo.)........####
.... #....##...........
... ...W.o.##...........
.. ...oo................
. .............##.......
...g.........##......#
.....................#


You could see a manticore, an orc warrior, a shadow, 3 orc priests, an orc and a
goblin.

Vanquished Creatures
  Snorg (D:12)
  A boulder beetle (D:11)
  A two-headed ogre (D:11)
  Urug (D:12)
  2 manticores (D:11)
  A gargoyle (D:11)
  A kobold demonologist (D:8)
  A troll (D:11)
  A hornet (D:11)
  Sigmund (D:6)
  2 shadows
  A vampire (D:10)
  A wyvern (D:8)
  23 yaks
  A basilisk (D:10)
  A steam dragon (D:10)
  2 acid dragons
  2 ice beasts
  2 sky beasts (D:7)
  2 black bears
  4 centaurs
  4 ogres
  A phantom (D:4)
  12 kobold brigands
  2 bullfrogs (D:7)
  A scorpion (D:5)
  10 wights
  19 killer bees
  5 howler monkeys
  A jelly (D:5)
  4 orc priests
  A gnoll bouda (D:8)
  6 hounds
  3 iguanas
  Terence (D:2)
  7 orc wizards
  6 gnolls
  9 adders
  7 shadow imps
  A white imp (D:7)
  3 worms
  2 dart slugs (D:1)
  42 orcs
  11 endoplasms
  2 giant cockroaches (D:2)
  9 goblins
  12 hobgoblins
  8 jackals
  4 quokkas
  6 ball pythons
  5 bats
  41 kobolds
  11 kobold skeletons (D:8)
  7 kobold zombies (D:8)
  9 rats
324 creatures vanquished.

Notes
Turn   | Place    | Note
-------+----------+-------------------------------------------
     0 | D:1      | boo the Hill Orc Fighter began the quest for the Orb.
     0 | D:1      | Reached XP level 1. HP: 19/19 MP: 1/1
    51 | D:1      | Reached skill level 3 in Axes
    65 | D:1      | Reached XP level 2. HP: 27/27 MP: 2/2
   455 | D:1      | Reached XP level 3. HP: 28/33 MP: 3/3
   903 | D:2      | Found Sidghoxen's Distillery.
  1038 | D:2      | Reached skill level 4 in Axes
  1078 | D:2      | Reached XP level 4. HP: 30/40 MP: 4/4
  1523 | D:2      | Noticed Terence
  1531 | D:2      | Killed Terence
  1734 | D:2      | Reached XP level 5. HP: 40/47 MP: 5/5
  2291 | D:3      | Found a snail-covered altar of Cheibriados.
  2293 | D:3      | Found a burning altar of Makhleb.
  2482 | D:3      | Reached skill level 5 in Axes
  2678 | D:4      | Identified 2 scrolls of acquirement
  2704 | D:4      | Acquired the ring of Puruz {rN+ Will++}
  2705 | D:4      | Acquired a +4 chain mail of poison resistance
  2908 | D:4      | Noticed a black bear
  2914 | D:4      | Killed a black bear
  2915 | D:4      | Reached XP level 6. HP: 52/55 MP: 6/6
  3023 | D:4      | Reached skill level 5 in Fighting
  3023 | D:4      | Reached skill level 6 in Axes
  3540 | D:5      | Entered Level 5 of the Dungeon
  3562 | D:5      | Reached XP level 7. HP: 47/61 MP: 7/7
  3921 | D:5      | Found a staircase to the Ecumenical Temple.
  3939 | D:5      | Reached skill level 7 in Axes
  3939 | D:5      | Reached skill level 5 in Armour
  3939 | D:5      | Reached skill level 5 in Shields
  3949 | Temple   | Entered the Ecumenical Temple
  4182 | Temple   | Became a worshipper of Warmaster Okawaru
  4397 | D:5      | Reached XP level 8. HP: 47/70 MP: 8/8
  5077 | D:5      | Reached skill level 8 in Axes
  5145 | D:5      | Identified the +7 falchion of Slow Death {venom, rF+}
  5512 | D:6      | Found Xivepuom's Elemental Accessories.
  5529 | D:6      | Reached * piety under Okawaru
  5647 | D:6      | Found a broken altar of Ashenzari.
  5889 | D:6      | Noticed Sigmund
  5943 | D:5      | Reached skill level 9 in Axes
  6107 | D:6      | Killed Sigmund
  6213 | D:6      | Identified the +3 ring mail of the Good {Str+3 Dex-5}
  6666 | D:6      | Reached ** piety under Okawaru
  6856 | D:7      | Reached XP level 9. HP: 72/79 MP: 9/9
  6966 | D:7      | Reached skill level 10 in Axes
  7147 | D:7      | Found Zin's Purification Station.
  7150 | D:7      | Found a glowing silver altar of Zin.
  7316 | D:7      | Acquired a manual of Armour
  7317 | D:7      | Acquired 793 gold pieces
  8172 | D:8      | Reached *** piety under Okawaru
  8173 | D:8      | Reached skill level 11 in Axes
  8201 | D:8      | Found a radiant altar of Vehumet.
  8532 | D:8      | Found a sparkling altar of Nemelex Xobeh.
  8637 | D:8      | Reached XP level 10. HP: 68/88 MP: 10/10
  8817 | D:8      | Reached skill level 12 in Axes
  9390 | D:8      | Found an ancient bone altar of Kikubaaqudgha.
  9390 | D:8      | Noticed a kobold demonologist
  9403 | D:8      | Killed a kobold demonologist
  9437 | D:8      | Reached **** piety under Okawaru
  9970 | D:9      | Reached skill level 13 in Axes
 10452 | D:9      | Found a glowing golden altar of the Shining One.
 11552 | D:10     | Entered Level 10 of the Dungeon
 11571 | D:10     | Reached skill level 10 in Armour
 12000 | D:10     | Reached XP level 11. HP: 78/97 MP: 11/11
 12030 | D:10     | Reached ***** piety under Okawaru
 12042 | D:10     | Reached skill level 14 in Axes
 13152 | D:11     | Found a portal to a secret trove of treasure.
 13222 | Trove    | Entered a treasure trove
 13224 | Trove    | Found a bloodstained altar of Trog.
 13287 | Trove    | Identified the +4 broad axe of the Philosopher {freeze, Fly
                  | Will+ Str+3 Dex+3}
 13291 | Trove    | Identified the +6 executioner's axe of the Spheres {speed,
                  | *Rage rPois rN++ SInv}
 13469 | D:11     | Found a staircase to the Lair.
 13493 | D:11     | Reached skill level 1 in Throwing
 13499 | D:11     | Reached skill level 10 in Fighting
 13513 | D:11     | Paralysed by a hornet for 1 turns
 13882 | D:11     | Noticed a manticore
 13891 | D:11     | Killed a manticore
 14048 | D:11     | Noticed a boulder beetle
 14051 | D:11     | Noticed a two-headed ogre
 14058 | D:11     | Killed a boulder beetle
 14064 | D:11     | Killed a two-headed ogre
 14065 | D:11     | Reached skill level 15 in Axes
 14269 | D:11     | Noticed a moth of wrath
 14272 | D:11     | Found a bloodstained altar of Trog.
 14321 | D:11     | Noticed a manticore
 14327 | D:11     | Killed a manticore
 14537 | D:12     | Noticed Urug
 14553 | D:12     | Killed Urug
 14726 | D:12     | Reached XP level 12. HP: 100/108 MP: 12/12
 14755 | D:12     | Noticed Snorg
 14766 | D:12     | Killed Snorg
 14776 | D:12     | Slain by an orc warrior

Illustrated notes

Levels and vault maps discovered:
D:1:      wheals_arrival_linesprint, layout_basic
D:2:      layout_basic, serial_shops, nicolae_shop_crystal,
          cheibrodos_gnoll_hut, uniq_terence
D:3:      layout_loops_cross, mainiacjoe_overflow_catwalk_spiral,
          minmay_stone_trees_small
D:4:      layout_loops_corners, nicolae_titane
D:5:      layout_basic, minmay_temple_entry_sparse_star
D:6:      layout_layer_cave, cheibrodos_ashenzari_chains,
          nicolae_elemental_shop, uniq_sigmund
D:7:      layout_loops_ring, zin_purify, kennysheep_potato
D:8:      wander_kiku_kobolds, layout_basic, vehumet_statue,
          overflow_temple_1_default
D:9:      layout_layer_cave, amcnicky_altar_gilded
D:10:     layout_basic
D:11:     layout_grid_maze, lair_entry_dummy, enter_trove_2,
          hangedman_decor_riveting, hex_medium, minmay_misc_feat_tiny, tgw_trog
D:12:     layout_rooms, erik_orc_4, drop_trap, uniq_snorg, uniq_urug
Temple:   regret_index_temple_generic_petals

Skill      XL: |  1  2  3  4  5  6  7  8  9 10 11 |
---------------+----------------------------------+-----
Axes           | 3 4 5 6 7 9 11 13 15 | 15.7
Fighting       | 4 5 7 8 9 10 | 10.9
Armour         | 4 5 6 8 10 12 | 12.3
Shields        | 4 5 6 7 8 9 |  9.0
Throwing       | 3 |  3.4

Action                     |  1- 3 |  4- 6 |  7- 9 | 10-12 || total
---------------------------+-------+-------+-------+-------++-------
  Melee: War axe           |    83 |   169 |   392 |   331 ||   975
         Broad axe         |       |       |       |    86 ||    86
 Invoke: Heroism           |       |       |       |     5 ||     5
    Use: Scroll            |       |     7 |     3 |     5 ||    15
 Armour: Scale mail        |    39 |    31 |       |       ||    70
         Chain mail        |       |    54 |   231 |   212 ||   497
  Dodge: Dodged            |    34 |    87 |   152 |   133 ||   406
  Block: Buckler           |    19 |    36 |   100 |   121 ||   276

Table legend: (Time is in decaauts)
 A = Elapsed time spent in this place.
 B = Non-inter-level travel time spent in this place.
 C = Inter-level travel time spent in this place.
 D = Time resting spent in this place.
 E = Time spent auto-exploring this place.
 F = Levels seen in this place.
 G = Mean time per level.
                   A        B        C        D        E       F      G
               +--------+--------+--------+--------+--------+-----+--------+
         Total |  14833 |  14426 |    407 |   3283 |   8923 |  14 | 1059.5 |
       Dungeon |  14454 |  14073 |    381 |   3283 |   8737 |  12 | 1204.5 |
        Temple |    259 |    233 |     26 |      0 |    186 |   1 |  259.0 |
         Trove |    118 |    118 |      0 |      0 |      0 |   1 |  118.0 |
               +--------+--------+--------+--------+--------+-----+--------+

Top non-repeatable levels by time:
     D:5: 1830 daAuts
     D:8: 1793 daAuts
     D:9: 1591 daAuts
    D:10: 1431 daAuts
    D:11: 1397 daAuts
     D:7: 1312 daAuts
     D:2: 1243 daAuts
     D:6: 1240 daAuts
     D:4: 879 daAuts
     D:1: 824 daAuts
     D:3: 669 daAuts
  Temple: 259 daAuts
    D:12: 243 daAuts
   Trove: 118 daAuts
